 Dungeon Crawl Stone Soup version 0.18.1-8-gdd0e5ea (webtiles) character file.

613 pipel the Shield-Bearer (level 7, -17/55 HPs)
             Began as a Formicid Fighter on May 22, 2016.
             Was an Initiate of Gozag.
             Demolished by an ogre
             ... wielding a +0 giant club
              (24 damage)
             ... on level 5 of the Dungeon.
             The game lasted 00:07:34 (3986 turns).

pipel the Shield-Bearer (Formicid Fighter)          Turns: 3986, Time: 00:07:35

Health: -17/55     AC: 13    Str: 22    XL:     7   Next: 72%
Magic:  7/7        EV:  6    Int:  8    God:    Gozag
Gold:   356        SH: 11    Dex: 10    Spells: 0 memorised, 6 levels left

rFire  . . .     SeeInvis +     a - +1 trident
rCold  . . .     Gourm    .     y - +0 plate armour
rNeg   . . .     Faith    .     c - +1 shield
rPois  .         Spirit   .     (helmet unavailable)
rElec  .         Dismiss  .     (no cloak)
rCorr  .         Reflect  .     e - +0 pair of gloves
SustAt .         Harm     .     (no boots)
MR     .....                    (no amulet)
Stlth  ..........               (no ring)
                                s - ring of stealth

@: not resistant to hostile enchantments, extremely unstealthy
A: permanent stasis, dig shafts and tunnels, four strong arms, antennae 3
a: Dig, Shaft Self, Potion Petition, Call Merchant, Bribe Branch, Renounce
Religion


You were on level 5 of the Dungeon.
You worshipped Gozag.
Gozag was noncommittal.
You were not hungry.

You visited 1 branch of the dungeon, and saw 5 of its levels.

You collected 414 gold pieces.
You paid 58 gold pieces to Gozag.

Inventory:

Hand Weapons
 a - a +1 trident (weapon)
 b - a +0 hunting sling
 h - a +1 dagger of flaming
Missiles
 i - 6 needles of confusion
 j - 94 stones (quivered)
Armour
 c - a +1 shield (worn)
 e - a +0 pair of gloves (worn)
 g - a +0 scale mail
 y - a +0 plate armour (worn)
Jewellery
 s - a ring of stealth (left hand)
Wands
 o - a wand of iceblast (13/15)
Scrolls
 m - 4 scrolls of identify
 q - 2 scrolls of enchant armour
 u - 3 scrolls of immolation
Potions
 d - a potion of might
 k - a potion of curing
 l - 3 potions of brilliance {unknown}
 n - 2 potions of degeneration {unknown}
 r - 2 potions of heal wounds {unknown}
 t - a potion of haste {unknown}
 v - a potion of mutation {unknown}
 z - 2 potions of flight {unknown}
 A - 2 potions of cancellation {unknown}
Comestibles
 f - 5 bread rations
 p - 5 meat rations
 w - a slice of pizza
 x - a beef jerky


   Skills:
 + Level 4.5 Fighting
 + Level 3.8 Polearms
 + Level 0.7 Slings
 + Level 5.2 Armour
 + Level 2.7 Dodging
 + Level 0.3 Stealth
 + Level 5.9 Shields


You had 6 spell levels left.
You didn't know any spells.

Dungeon Overview and Level Annotations

Branches:
Dungeon (5/15)
 Temple: D:4-7

Altars:
Gozag
Nemelex Xobeh


Innate Abilities, Weirdness & Mutations

You are under a permanent stasis effect.
You can dig through walls and to a lower floor.
Your four strong arms can wield two-handed weapons with a shield.
You have a pair of large antennae on your head (SInv).


Message History

You hit the ogre but do no damage. You block the ogre's attack.
Your shield and plate armour prevent you from hitting the ogre.
You puncture the ogre!
The ogre is moderately wounded.
The ogre hits you with a giant club!!
You take 21 damage, and have 24/55 hp.
MASSIVE DAMAGE!!
You puncture the ogre!
The ogre is severely wounded.
The ogre hits you but does no damage.
You hit the ogre but do no damage.
The ogre is severely wounded.
The ogre hits you with a giant club!!
* * * LOW HITPOINT WARNING * * *
You take 17 damage, and have 7/55 hp.
MASSIVE DAMAGE!!
You are too injured to fight recklessly!
You hit the ogre.
The ogre is almost dead.
The ogre hits you with a giant club!!
You die...
Your body crumbles into a pile of gold.

..#........#.....+
#..........
..##+###+###.....###
#.##.###### ###..#
..........# #. #. #...
.....# ..........# . ..
#... .....# ...>......#
.. #... .....#
..........# #... .....#
..........# #... .....#
..........# #... .....#
(.....O@..# #... .#####
..........###########...
.#
######+#..............##
#..............#
#..............#
$#.......<......# {
#..............#
#..............#
#..............#


You could see an ogre.

Vanquished Creatures
  A phantom (D:4)
  An ogre (D:4)
  A centaur (D:5)
  2 crimson imps (D:5)
  An orc priest (D:4)
  2 hounds (D:5)
  A worker ant (D:4)
  A hound skeleton (D:5)
  8 adders
  A shadow imp (D:3)
  An ooze (D:3)
  3 worms
  A dart slug (D:3)
  3 giant geckos
  9 orcs
  2 ball pythons (D:2)
  2 bats (D:1)
  5 giant cockroaches
  10 goblins (D:3)
  4 hobgoblins
  2 kobolds (D:1)
  A quokka (D:2)
  2 giant newts
  6 rats
70 creatures vanquished.

Notes
Turn   | Place    | Note
--------------------------------------------------------------
     0 | D:1      | pipel the Formicid Fighter began the quest for the Orb.
     0 | D:1      | Reached XP level 1. HP: 18/18 MP: 1/1
   300 | D:1      | Reached XP level 2. HP: 22/24 MP: 2/2
   923 | D:2      | You fall through a shaft for 2 floors!
   923 | D:4      | Noticed an ogre
   947 | D:3      | Reached XP level 3. HP: 28/29 MP: 3/3
  1305 | D:3      | Reached XP level 4. HP: 12/36 MP: 4/4
  1637 | D:2      | Reached skill level 1 in Dodging
  2312 | D:3      | Found an opulent altar of Gozag.
  2312 | D:3      | Found a sparkling altar of Nemelex Xobeh.
  2318 | D:3      | Became a worshipper of Gozag Ym Sagoz the Greedy
  2333 | D:3      | Reached XP level 5. HP: 28/42 MP: 5/5
  2767 | D:3      | Found a sparkling altar of Nemelex Xobeh.
  3004 | D:4      | Killed an ogre
  3004 | D:4      | Reached XP level 6. HP: 22/48 MP: 6/6
  3056 | D:4      | Reached skill level 5 in Shields
  3374 | D:4      | Noticed a phantom
  3406 | D:4      | Killed a phantom
  3406 | D:4      | Reached XP level 7. HP: 32/54 MP: 7/7
  3524 | D:5      | Entered Level 5 of the Dungeon
  3547 | D:5      | Reached skill level 5 in Armour
  3986 | D:5      | Demolished by an ogre

Skill      XL: |  1  2  3  4  5  6  7 |
---------------+----------------------+-----
Shields        | 4 5 |  5.9
Dodging        | 1 2 |  2.7
Armour         | 4 5 |  5.2
Polearms       | 3 |  3.8
Fighting       | 4 |  4.5
Slings         | |  0.7
Stealth        | |  0.3

Action                   |  1- 3 |  4- 6 |  7- 9 || total
-------------------------+-------+-------+-------++-------
Melee: Trident           |   128 |   208 |    69 ||   405
 Fire: Hunting sling     |    12 |     3 |     1 ||    16
 Abil: Dig               |     2 |     2 |       ||     4
  Use: Scroll            |       |     7 |     4 ||    11
       Potion            |       |       |     2 ||     2
  Eat: Chunk             |     1 |     5 |       ||     6
       Beef jerky        |       |     1 |       ||     1
       Meat ration       |       |       |     1 ||     1
Armor: Scale mail        |    37 |    49 |    11 ||    97
       Plate armour      |       |       |     7 ||     7
Dodge: Dodged            |    30 |    48 |    14 ||    92
Block: Shield            |    70 |    88 |    24 ||   182
